Map: Lost and Found LE

Players

Bioice

  • Race: Zerg Zerg
  • Spawn Location: 1:00

Namshar - Winner!

  • Race: Zerg Zerg
  • Spawn Location: 7:00

Event: WCS Montreal 2018

VOD

Have the link to the VOD?

Description

Time

  • Played on: Sept. 7, 2018, 1:21 p.m.
  • Length: 9:39

All games in this series

Show
View Real Time Build Order
Export as new Build Order

Bioice Zerg 

Build Orders: Hatch First 

Get SALT Encoding   

  12  0:01  Drone  
  13  0:13  Overlord  
  13  0:17  Drone  
  14  0:33  Drone x2  
  16  0:50  Hatchery  
  16  0:53  Drone  
  16  0:57  Drone  
  16  0:59  Drone  
  18  1:07  Extractor  
  17  1:14  Spawning Pool  
  17  1:18  Drone  
  17  1:21  Drone  
  18  1:28  Drone  
  19  1:40  Drone  
  20  1:49  Overlord  
  20  2:02  Queen x2  
  20  2:04  Zergling x4  
  26  2:09  Metabolic Boost  
  26  2:16  Drone x2  
  28  2:23  Drone x2  
  30  2:36  Hatchery  
  29  2:37  Drone  
  29  2:41  Drone  
  31  2:46  Drone  
  31  2:48  Overlord  
  32  2:59  Baneling Nest  
  32  3:01  Queen  
  31  3:14  Zergling x12  
  31  3:15  Zergling x2  
  31  3:18  Zergling x2  
  39  3:22  Overlord  
  39  3:25  Drone  
  40  3:28  Drone  
  40  3:30  Drone  
  40  3:33  Drone  
  43  3:44  Overlord  
  43  3:48  Baneling x2  
  43  3:49  Drone x3, Baneling x2  
  43  3:50  Drone  
  47  3:57  Drone x4  
  47  4:01  Drone  
  47  4:02  Drone  
  53  4:05  Drone  
  54  4:12  Drone  
  55  4:24  Zergling x2  
  55  4:25  Zergling x16  
  62  4:31  Zergling x4  
  62  4:35  Zergling x2  
  62  4:45  Drone  
  60  4:46  Drone x2  
  60  4:52  Extractor  
  61  4:54  Extractor, Drone x2  
  61  4:56  Evolution Chamber, Roach Warren  
  61  4:58  Lair  
  61  4:59  Drone x2  
  62  5:02  Baneling x2  
  62  5:03  Overlord  
  62  5:06  Drone  
  63  5:11  Drone x2  
  65  5:21  Drone  
  66  5:22  Drone  
  66  5:26  Drone  
  66  5:27  Drone x2  
  69  5:31  Drone x5  
  69  5:33  Zerg Missile Weapons Level 1  
  73  5:44  Evolution Chamber  
  73  5:47  Overlord x2  
  72  5:56  Overlord  
  72  5:57  Glial Reconstitution  
  72  6:03  Drone, Overlord x2  
  73  6:07  Roach x2  
  73  6:08  Roach  
  73  6:13  Roach x3  
  73  6:17  Roach  
  73  6:18  Zergling x16  
  85  6:20  Roach  
  81  6:45  Drone  
  81  6:46  Drone x12  
  94  6:53  Drone, Zerg Ground Armor Level 1  
  94  6:55  Extractor x2  
  94  6:59  Drone x2  
  94  7:00  Drone  
  95  7:06  Drone  
  95  7:10  Drone  
  95  7:11  Drone  
  95  7:15  Drone  
  95  7:19  Extractor, Roach  
  94  7:26  Roach  
  94  7:27  Roach  
  94  7:28  Hatchery  
  97  7:31  Roach x2  
  101  7:38  Roach  
  101  7:43  Overlord x2  
  103  7:46  Overlord x2  
  103  7:49  Roach x2  
  103  7:50  Hydralisk Den, Roach x3  
  112  7:51  Baneling x2  
  112  7:55  Overlord x3  
  112  8:03  Roach x4  
  112  8:05  Ravager x3  
  123  8:12  Roach x2  
  125  8:19  Roach x7  
  138  8:25  Roach x4  
  146  8:33  Roach x2  
  150  8:38  Roach x2  
  154  8:42  Roach x3  
  160  8:49  Overlord x3  
  160  8:50  Overlord  
  150  8:55  Roach x2  
  150  8:56  Roach  
  150  9:00  Roach x2  
  150  9:02  Roach  
  152  9:08  Roach  
  152  9:09  Roach x3  
  143  9:13  Roach x4  
  143  9:15  Roach x2  
  142  9:18  Roach x2  
Show
View Real Time Build Order
Export as new Build Order

Namshar Zerg - Winner!

Build Orders: Hatch First 

Get SALT Encoding   

  12  0:00  Drone  
  13  0:12  Overlord  
  13  0:17  Drone  
  14  0:30  Drone x2  
  16  0:48  Hatchery  
  15  0:51  Drone  
  15  0:54  Drone  
  17  1:08  Spawning Pool  
  17  1:10  Extractor  
  15  1:13  Drone  
  15  1:17  Drone  
  17  1:19  Drone  
  18  1:27  Drone  
  19  1:40  Drone  
  20  1:49  Drone  
  21  1:59  Queen x2  
  25  2:01  Drone, Overlord  
  26  2:10  Metabolic Boost  
  26  2:11  Drone x2  
  28  2:23  Drone, Zergling x2  
  30  2:33  Hatchery  
  30  2:35  Zergling x2  
  30  2:36  Zergling x2  
  31  2:44  Baneling Nest  
  31  2:49  Overlord  
  30  2:52  Drone  
  30  2:55  Drone  
  31  2:59  Drone  
  32  3:11  Drone x4  
  32  3:12  Drone  
  36  3:13  Zergling x2  
  36  3:16  Queen  
  39  3:20  Zergling x2  
  39  3:21  Zergling x2  
  41  3:29  Overlord  
  41  3:33  Baneling x2  
  41  3:35  Zergling x4  
  41  3:40  Baneling x2  
  43  3:46  Queen  
  45  3:48  Zergling x2  
  45  3:49  Zergling x4  
  45  3:52  Zergling x6  
  50  4:04  Drone  
  50  4:05  Drone x6  
  50  4:07  Extractor  
  50  4:09  Evolution Chamber  
  55  4:16  Roach Warren  
  54  4:20  Drone  
  54  4:21  Drone x2  
  56  4:51  Zergling x2  
  56  4:52  Zergling x2  
  57  4:54  Overlord x4  
  57  4:56  Extractor  
  56  5:05  Baneling x3  
  56  5:11  Overlord x2  
  56  5:15  Roach x9  
  74  5:27  Drone x6  
  78  5:41  Zerg Missile Weapons Level 1  
  78  5:46  Drone x9  
  78  5:48  Lair  
  78  5:49  Extractor x2  
  85  6:00  Drone  
  85  6:01  Drone x8  
  94  6:04  Pneumatized Carapace  
  94  6:09  Evolution Chamber  
  87  6:12  Drone, Ravager  
  87  6:13  Drone x5  
  93  6:25  Overlord x3  
  93  6:26  Drone  
  93  6:28  Extractor  
  90  6:36  Zerg Ground Armor Level 1  
  89  6:40  Drone x2  
  89  6:41  Drone  
  89  6:43  Roach x3  
  89  6:46  Roach  
  89  6:47  Roach  
  98  6:48  Roach x2  
  98  6:49  Roach x2  
  108  6:54  Roach x4  
  108  7:00  Hatchery  
  110  7:11  Glial Reconstitution  
  110  7:14  Overseer  
  107  7:23  Ravager x3  
  107  7:24  Overlord x2  
  107  7:25  Drone  
  107  7:26  Drone  
  112  7:30  Roach x8  
  128  7:38  Ravager, Overlord x2  
  128  7:39  Overlord x2  
  129  7:52  Overlord x2  
  129  7:53  Extractor  
  129  7:56  Roach x8  
  144  8:04  Roach  
  144  8:05  Roach x4  
  154  8:14  Drone x3  
  154  8:15  Drone x2  
  154  8:18  Roach x3  
  165  8:20  Ravager x2  
  165  8:23  Drone  
  168  8:28  Ravager x2, Roach x2  
  168  8:29  Roach  
  176  8:37  Hydralisk Den  
  175  8:44  Roach x6  
  187  8:52  Roach x6  
  193  8:58  Roach  
  193  8:59  Roach x4  
  197  9:09  Roach  
  195  9:10  Roach x4  
  193  9:20  Drone  
  193  9:22  Lurker Den  
Tags
 
Add a new tag
Caveats
  • Supply blocks, unpowered buildings, or Contaminate may cause inaccurate times.
  • Supply counts are checked every 10 seconds.